 Dungeon Crawl Stone Soup version 0.17-a0-701-gb6462b4 (webtiles) character file.

135 FedoraBrony69 the Conjurer (level 4, -7/24 HPs)
             Began as a Deep Elf Conjurer on Apr 19, 2015.
             Was an Initiate of Kikubaaqudgha.
             Mangled by a killer bee (8 damage)
             ... on level 2 of the Dungeon.
             The game lasted 00:03:01 (1533 turns).

FedoraBrony69 the Conjurer (Deep Elf Conjurer)      Turns: 1533, Time: 00:03:01

Health: -7/24      AC:  3    Str:  5    XL:     4   Next: 96%
Magic:  7/13       EV: 13    Int: 21    God:    Kikubaaqudgha [......]
Gold:   34         SH:  0    Dex: 15    Spells: 1 memorised, 12 levels left

rFire  . . .     SeeInvis .     i - +0 spear
rCold  . . .     Clarity  .     a - +0 robe
rNeg   . . .     SustAb   .     (no shield)
rPois  .         Gourm    .     d - +0 helmet
rElec  .         Spirit   .     (no cloak)
rCorr  .         Warding  .     (no gloves)
rMut   .         Stasis   .     (no boots)
MR     .....                    (no amulet)
Stlth  ++........               (no ring)
                                (no ring)

@: not resistant to hostile enchantments, unstealthy
A: no striking features
a: Renounce Religion


You were on level 2 of the Dungeon.
You worshipped Kikubaaqudgha.
Kikubaaqudgha was noncommittal.
You were hungry.

You visited 1 branch of the dungeon, and saw 3 of its levels.

You collected 34 gold pieces.

Inventory:

Hand weapons
 e - a +0 club
 i - a +0 spear (weapon)
Armour
 a - a +0 robe (worn)
 d - a +0 helmet (worn)
Magical devices
 m - a wand of random effects (15)
Scrolls
 f - 4 scrolls of identify {unknown}
 h - a scroll of remove curse {unknown}
 j - a scroll of amnesia {unknown}
 l - a scroll of teleportation {unknown}
Potions
 k - a potion of might {unknown}
Books
 c - a book of Conjurations

   Spells                             Type                      Level
   a - Magic Dart                     Conjuration                  1
   b - Searing Ray                    Conjuration                  2
   c - Dazzling Spray                 Conjuration/Hexes            3
   d - Fulminant Prism                Conjuration/Hexes            4
   e - Iskenderun's Mystic Blast      Conjuration                  4
   f - Iskenderun's Battlesphere      Conjuration/Charms           5
Comestibles
 b - 3 bread rations


   Skills:
 - Level 2.4 Dodging
 - Level 2.4 Stealth
 + Level 5.4 Spellcasting
 + Level 5.7 Conjurations


You had 12 spell levels left.
You knew the following spells:

 Your Spells              Type           Power        Failure   Level  Hunger
a - Magic Dart            Conj           ####         1%          1    None


Dungeon Overview and Level Annotations

Branches:
Dungeon (3/15)

Altars:
Kikubaaqudgha
Ru


Message History

The goblin shouts!
There is a stone staircase leading down here.
Casting: Magic Dart
Confirm with . or Enter, or press ? or * to list all spells.
Aiming: Magic Dart
Press: ? - help, Shift-Dir - straight line, f - killer bee
Aim: a killer bee The magic dart hits the killer bee.
The killer bee stings you. The killer bee stings you.
* * * LOW HITPOINT WARNING * * *
Casting: Magic Dart
Confirm with . or Enter, or press ? or * to list all spells.
Aiming: Magic Dart
Press: ? - help, Shift-Dir - straight line, f/p - killer bee
Aim: a killer bee The magic dart hits the killer bee.
The killer bee stings you.
* * * LOW HITPOINT WARNING * * *
The killer bee stings you!
You die...
Kikubaaqudgha rasps: "You have failed me!
Welcome... death!"

#.# ###.....# #.# #######
###.### #.....# ### ####.....##
#.. #.........########## #.#
##.##...............# #†#
####..##..g.y#########.####.#
## #......###..@.# #......#
.####.###.## ####.# ########
.##...# ### ##.## #######
......## ##..>## #......
.......# ##.....#######.#####
.###)(.# #......)..)...#..#
.###...#######......#######.#.#
.........#.......#.## #.#.###
...............##.## #....##


You could see a killer bee and a goblin.

Vanquished Creatures
  A killer bee (D:3)
  An orc priest (D:3)
  An adder (D:2)
  A worm (D:2)
  An orc (D:3)
  9 bats
  2 bat zombies (D:2)
  9 goblins
  9 hobgoblins
  5 kobolds
  A quokka (D:2)
  A ball python (D:1)
  2 giant cockroaches (D:2)
  2 giant newts (D:1)
  7 rats
  A rat zombie (D:2)
53 creatures vanquished.

Notes
Turn   | Place    | Note
--------------------------------------------------------------
     0 | D:1      | FedoraBrony69, the Deep Elf Conjurer, began the quest for the Orb.
     0 | D:1      | Reached XP level 1. HP: 10/10 MP: 6/6
   129 | D:1      | Reached XP level 2. HP: 15/15 MP: 0/8
   702 | D:2      | Reached skill level 5 in Conjurations
   735 | D:2      | Reached XP level 3. HP: 19/19 MP: 2/10
  1035 | D:2      | Found a sacrificial altar of Ru.
  1369 | D:2      | Found an ancient bone altar of Kikubaaqudgha.
  1380 | D:2      | Became a worshipper of Kikubaaqudgha
  1463 | D:3      | Reached XP level 4. HP: 24/24 MP: 8/12
  1482 | D:3      | Reached skill level 5 in Spellcasting
  1533 | D:2      | HP: 1/24 [killer bee (6)]
  1533 | D:2      | Mangled by a killer bee

Action                   |  1- 3 |  4- 6 || total
-------------------------+-------+-------++-------
Melee: Club              |     6 |       ||     6
 Cast: Magic Dart        |    86 |    11 ||    97
  Eat: Chunk             |     1 |       ||     1
